 Dungeon Crawl Stone Soup version 0.23-a0-642-g3120c2f (webtiles) character file.

1524 MisterFreud the Fighter (level 8, -1/74 HPs)
             Began as a Minotaur Abyssal Knight on Dec 30, 2018.
             Was an Elder of Lugonu.
             Shot with an arrow by a centaur (8 damage)
             ... on level 7 of the Dungeon.
             The game lasted 00:10:05 (5124 turns).

MisterFreud the Fighter (Minotaur Abyssal Knight)   Turns: 5124, Time: 00:10:06

Health: -1/74      AC:  5    Str: 19    XL:     8   Next: 54%
Magic:  15/22      EV: 10    Int:  9    God:    Lugonu [****..]
Gold:   310        SH:  5    Dex: 10    Spells: 7/7 levels left

rFire    . . .     SeeInvis .   a - +1 falchion
rCold    . . .     Gourm    .   j - +1 buckler
rNeg     + . .     Faith    +   J - +0 scale mail
rPois    +         Spirit   .   (helmet restricted)
rElec    .         Reflect  .   A - +2 cloak {rPois}
rCorr    .         Harm     .   (no gloves)
MR       .....                  (no boots)
Stlth    ..........             h - amulet of faith
HPRegen  0.22/turn              G - ring of positive energy
MPRegen  0.18/turn              E - ring of Generosity {*Corrode +Inv rPois MP+9 Stlth-}

@: corroded
A: retaliatory headbutt, horns 2
a: Depart the Abyss, Bend Space, Banish, Corrupt, Renounce Religion, Evoke
Invisibility


You were on level 7 of the Dungeon.
You worshipped Lugonu.
Lugonu was greatly pleased with you.
You were hungry.

You visited 1 branch of the dungeon, and saw 7 of its levels.
You visited the Abyss 1 time.

You collected 310 gold pieces.

Inventory:

Hand Weapons
 a - a +1 falchion (weapon)
 p - a +0 hunting sling
 z - a +3 quarterstaff of chaos
Missiles
 d - 199 stones (quivered)
 e - 70 sling bullets
 w - 14 javelins
 y - 31 arrows
 F - 20 bolts
 N - 10 poisoned needles
Armour
 b - a +0 leather armour
 j - a +1 buckler (worn)
 o - a scarf of spirit shield
 A - a +2 cloak of poison resistance (worn)
 J - a +0 scale mail (worn)
Jewellery
 h - an amulet of faith (around neck)
 l - an uncursed ring of resist corrosion
 E - the ring of Generosity (right hand) {*Corrode +Inv rPois MP+9 Stlth-}
   (You found it on level 4 of the Dungeon)

   [ring of magical power]

   It protects you from poison.
   It affects your magic capacity (+9).
   It lets you turn invisible.
   It may corrode you when you take damage.
   It makes you less stealthy.
 G - a ring of positive energy (left hand)
 L - an uncursed ring of positive energy
Wands
 v - a wand of iceblast (7)
 O - a wand of scattershot (2)
Scrolls
 k - 2 scrolls of remove curse
 t - a scroll of blinking {unknown}
 x - a scroll of teleportation
 B - a scroll of immolation
 C - 2 scrolls of enchant armour
Potions
 f - a potion of brilliance
 g - 3 potions of mutation
 i - a potion of flight
 m - a potion of magic
 n - 3 potions of haste
 q - 2 potions of berserk rage
 r - a potion of curing
 s - 2 potions of heal wounds
 u - a potion of cancellation
 D - a potion of invisibility {unknown}
 H - a potion of degeneration
 I - a potion of lignification
Comestibles
 c - 12 rations
 K - 3 chunks of flesh


   Skills:
 - Level 8.0 Fighting
 + Level 4.0 Long Blades
 - Level 2.4 Armour
 - Level 1.1 Dodging
 - Level 4.0 Shields
 - Level 8.0 Invocations


You had 7 spell levels left.
You didn't know any spells.
Your spell library was empty.

Dungeon Overview and Level Annotations

Branches:
Dungeon (7/15)             Temple (0/1) D:4

Altars:
Fedhas
Kikubaaqudgha
Trog
Yredelemnul
The Shining One

Annotations:
Abyss:1 Grinder, Menkaure


Innate Abilities, Weirdness & Mutations

You reflexively headbutt those who attack you in melee.
You have a pair of horns on your head.


Message History

Your Long Blades skill increases to level 3!
You feel somewhat more hungry. The orc priest hits you.
* * * LOW HITPOINT WARNING * * *
The orc hits you but does no damage.
Press: ? - help, Shift-Dir - straight line, f - orc priest
Aim: an orc priest (translocational energy, lightly wounded, chance to defeat The orc priest is devoured by a tear in reality.
Lugonu claims a new guest.
You feel your dexterity returning.
Your Long Blades skill increases to level 4!
You feel somewhat more hungry. The orc hits you but does no damage.
You are feeling hungry.
The centaur wields a +0 shortbow.
The centaur shoots an arrow.
The arrow hits you.
* * * LOW HITPOINT WARNING * * *
The orc throws a tomahawk of dispersal.
The tomahawk of dispersal hits you.
* * * LOW HITPOINT WARNING * * *
You blink.
The centaur shoots an arrow.
The arrow hits you!
You die...

.........####........#
$.....!o.............#
#.......c..........[.#
....##..........##...#
#.#..#..........#....#
###...............#.##
.........#.รท....#..#
##.#...###.......##
#.#.#..##@#.#.###
#.......#.#.#
#.#..####.#.# ###>..
#.#.# ....## #.#.#
###### #...# #####


You could see a centaur and an orc.

Vanquished Creatures
  A phantom (D:5)
  A centaur (D:6)
  A bullfrog (D:6)
  2 scorpions (D:4)
  2 crimson imps
  A quasit (D:6)
  A bullfrog zombie (D:5)
  2 hounds (D:5)
  Crazy Yiuf (D:3)
  2 orc priests
  An orc wizard (D:4)
  Terence (D:3)
  An iguana (D:6)
  Natasha (twice) (D:3)
  4 worker ants
  A howler monkey zombie (D:5)
  A worker ant zombie (D:5)
  Robin (D:2)
  A gnoll (D:1)
  5 adders
  2 shadow imps (D:6)
  2 oozes
  An adder skeleton (D:5)
  4 worms
  2 dart slugs
  4 leopard geckos
  9 orcs
  3 giant cockroaches
  14 goblins
  13 hobgoblins
  2 jackals (D:7)
  13 kobolds
  3 quokkas
  A ball python (D:1)
  8 bats
  6 frilled lizards
  A leopard gecko skeleton (D:5)
  7 rats
127 creatures vanquished.

Vanquished Creatures (others)
  A troll (D:7)
  A hippogriff (D:7)
  An orc priest (D:7)
3 creatures vanquished.

Grand Total: 130 creatures vanquished

Notes
Turn   | Place    | Note
-------+----------+-------------------------------------------
     0 | Abyss:1  | MisterFreud the Minotaur Abyssal Knight began the quest for
                  | the Orb.
     0 | Abyss:1  | Reached XP level 1. HP: 19/19 MP: 1/1
    38 | Abyss:1  | Noticed a wraith
    39 | D:1      | Escaped the Abyss
   227 | D:1      | Reached * piety under Lugonu
   227 | D:1      | Reached XP level 2. HP: 24/28 MP: 2/2
   612 | D:1      | Reached skill level 1 in Shields
   653 | D:1      | Reached XP level 3. HP: 35/35 MP: 3/3
   990 | D:2      | Reached skill level 5 in Fighting
  1135 | D:2      | Found a glowing golden altar of the Shining One.
  1187 | D:2      | Found a basalt altar of Yredelemnul.
  1191 | D:2      | Found a bloodstained altar of Trog.
  1278 | D:2      | Noticed Robin
  1282 | D:2      | Reached XP level 4. HP: 37/42 MP: 2/4
  1290 | D:2      | Killed Robin
  1314 | D:2      | Reached ** piety under Lugonu
  1852 | D:3      | Found a faded altar of an unknown god.
  1945 | D:3      | Reached *** piety under Lugonu
  1965 | D:3      | Noticed Natasha
  1967 | D:3      | Reached XP level 5. HP: 39/50 MP: 5/5
  1969 | D:3      | Killed Natasha
  2072 | D:3      | Noticed Natasha
  2077 | D:3      | Killed Natasha
  2100 | D:3      | Noticed Terence
  2106 | D:3      | Killed Terence
  2289 | D:3      | Found a runed door.
  2293 | D:3      | Noticed Crazy Yiuf
  2302 | D:3      | Killed Crazy Yiuf
  2345 | D:3      | Found a bloodstained altar of Trog.
  2408 | D:4      | Reached XP level 6. HP: 49/58 MP: 4/6
  2503 | D:4      | Got a steaming platinum ring
  2504 | D:4      | Identified the ring of Generosity {*Corrode +Inv rPois MP+9
                  | Stlth-} (You found it on level 4 of the Dungeon)
  2646 | D:4      | Found a staircase to the Ecumenical Temple.
  2714 | D:5      | Entered Level 5 of the Dungeon
  3015 | D:4      | Noticed Menkaure
  3022 | D:4      | Banished Menkaure
  3022 | D:4      | Reached XP level 7. HP: 16/66 MP: 4/8
  3917 | D:5      | Reached **** piety under Lugonu
  4060 | D:5      | Reached skill level 5 in Invocations
  4403 | D:6      | Found a glowing golden altar of the Shining One.
  4410 | D:6      | Reached XP level 8. HP: 70/74 MP: 11/11
  4434 | D:6      | Noticed Grinder
  4451 | D:6      | Banished Grinder
  4463 | D:6      | Found a blossoming altar of Fedhas.
  4465 | D:6      | Found an ancient bone altar of Kikubaaqudgha.
  5038 | D:7      | Noticed a hippogriff
  5073 | D:7      | Banished a hippogriff
  5110 | D:7      | Noticed a troll
  5117 | D:7      | Banished a troll
  5124 | D:7      | Shot with an arrow by a centaur

Vault maps used:
D:1:      dpeg_arrival_erosion
D:2:      minmay_overflow_temple_star_quad, st_stairs_6,
          minmay_increasing_density, uniq_robin
D:3:      chequers_ecumenical_altar_simple, bloody_trog,
          uniq_crazy_yiuf_cottage, uniq_natasha, uniq_terence
D:4:      minmay_temple_entry_tees, first_ration, uniq_menkaure
D:5:      minmay_diced_spiral
D:6:      grunt_temple_overflow_growth_and_decay, basic_altar,
          chequers_serial_rivers_micro_a, uniq_grinder
D:7:      grunt_livestock, minmay_misc_feat_diagonals,
          kennysheep_decorative_pillar, uniq_prince_ribbit1

Skill      XL: |  1  2  3  4  5  6  7  8 |
---------------+-------------------------+-----
Fighting       | 4 5 6 7 8 |  8.0
Shields        | 1 2 3 4 |  4.0
Invocations    | 2 3 6 8 |  8.0
Long Blades    | 4 |  4.0
Armour         | |  2.4
Dodging        | |  1.1

Action                   |  1- 3 |  4- 6 |  7- 9 || total
-------------------------+-------+-------+-------++-------
Melee: Falchion          |    48 |   178 |   147 ||   373
       Headbutt          |    10 |    28 |    33 ||    71
Invok: Depart the Abyss  |     1 |       |       ||     1
       Banish            |       |       |     5 ||     5
  Use: Scroll            |     2 |     3 |    12 ||    17
  Eat: Chunk             |     1 |     6 |     8 ||    15
Armor: Leather armour    |     9 |    19 |       ||    28
       Scale mail        |       |       |    68 ||    68
Dodge: Dodged            |    48 |    96 |    88 ||   232
Block: Buckler           |     5 |    43 |    50 ||    98
       Rpst.: Falchion   |    11 |    28 |    17 ||    56

Table legend:
 A = Non-vault XP
 B = Vault XP
 C = Vault XP percentage of total XP
 D = Non-vault monster count
 E = Vault monster count
 F = Vault count percentage of total count
                 A         B        C        D         E       F
            +---------+---------+-------+---------+---------+-------
      Total |    1697 |     481 |  22.1 |     106 |      26 |  19.7
            +---------+---------+-------+---------+---------+-------
        D:1 |      46 |       0 |   0.0 |      18 |       0 |   0.0
        D:2 |      65 |      63 |  49.2 |      16 |      21 |  56.8
        D:3 |      75 |     111 |  59.7 |      20 |       3 |  13.0
        D:4 |     274 |      88 |  24.3 |      13 |       1 |   7.1
        D:5 |     418 |       0 |   0.0 |      21 |       0 |   0.0
        D:6 |     459 |     219 |  32.3 |      11 |       1 |   8.3
        D:7 |     360 |       0 |   0.0 |       7 |       0 |   0.0
            +---------+---------+-------+---------+---------+-------
